 Dungeon Crawl Stone Soup version 0.29.1 (webtiles) character file.

Game seed: 13895367598302865286

1858 QueenGhuleh the Cleaver (level 8, -17/73 HPs)
             Began as a Minotaur Berserker on Sept 12, 2022.
             Was a Priest of Trog.
             Killed from afar by Maggie (26 damage)
             ... with a bolt of fire
             ... on level 7 of the Dungeon.
             The game lasted 00:10:24 (6459 turns).

QueenGhuleh the Cleaver (Minotaur Berserker)        Turns: 6459, Time: 00:10:25

Health: -17/73     AC: 13    Str: 24    XL:     8   Next: 89%
Magic:  7/7        EV:  8    Int: 10    God:    Trog [***...]
Gold:   347        SH:  0    Dex: 10    Spells: 7/7 levels left

rFire   . . .      SeeInvis .   A - +0 dire flail
rCold   . . .      Faith    .   (shield currently unavailable)
rNeg    . . .      Spirit   .   s - +0 plate armour
rPois   .          Reflect  .   (helmet restricted)
rElec   .          Harm     .   (no cloak)
rCorr   .          Rampage  .   (no gloves)
Will    .....                   (no boots)
Stlth   ..........              (no amulet)
HPRegen 0.22/turn               p - +6 ring of intelligence
MPRegen 0.10/turn               (no ring)

@: confused, mesmerised
A: horns 2, retaliatory headbutt
a: Renounce Religion, Berserk, Trog's Hand


You were on level 7 of the Dungeon.
You worshipped Trog.
Trog was most pleased with you.
You visited 1 branch of the dungeon, and saw 7 of its levels.

You collected 347 gold pieces.

Inventory:

Hand Weapons
 a - a +0 hand axe
 A - a +0 dire flail (weapon)
Armour
 s - a +0 plate armour (worn)
Jewellery
 l - a ring of protection from cold
 p - a +6 ring of intelligence (left hand)
 D - a +4 ring of evasion
Wands
 n - a wand of charming (12)
 v - a wand of quicksilver (11)
 x - a wand of flame (8)
 y - a wand of roots (10)
Scrolls
 b - a scroll of enchant weapon {unknown}
 c - a scroll of fear {unknown}
 d - 4 scrolls of noise {unknown}
 f - 2 scrolls of identify {unknown}
 g - 3 scrolls of vulnerability {unknown}
 h - 2 scrolls of poison {unknown}
 j - a scroll of blinking {unknown}
 k - a scroll of fog {unknown}
 t - 2 scrolls of magic mapping {unknown}
 u - 3 scrolls of teleportation {unknown}
 z - a scroll of amnesia {unknown}
 C - a scroll of brand weapon {unknown}
Potions
 e - 4 potions of curing {unknown}
 i - a potion of flight {unknown}
 m - a potion of ambrosia {unknown}
 o - 2 potions of resistance {unknown}
 q - 2 potions of degeneration {unknown}
 r - 2 potions of mutation {unknown}
 w - 2 potions of magic {unknown}
 B - a potion of brilliance {unknown}
 E - a potion of attraction {unknown}


   Skills:
 + Level 7.3 Fighting
 + Level 8.9(9.3) Axes
 + Level 3.8(6.8) Maces & Flails
 + Level 7.3 Armour
 + Level 4.1 Dodging
 + Level 1.2 Stealth


You had 7 spell levels left.
You didn't know any spells.
Your spell library was empty.

Dungeon Overview and Level Annotations

Branches:
Dungeon (7/15)
 Temple: D:4-7

Altars:
Ashenzari
Dithmenos
Kikubaaqudgha
Nemelex Xobeh
Qazlal

Shops:
D:5 !

Annotations:
D:7 Maggie


Innate Abilities, Weirdness & Mutations

You have a pair of horns on your head.
You reflexively headbutt those who attack you in melee.


Message History

You are too confused!
You bump into the rock wall.
Maggie zaps a wand.
You resist with some effort.
You miss Maggie.
Maggie gestures wildly while chanting.
Maggie draws you further into her thrall.
Maggie hits you but does no damage.
You writhe in agony.
* * * LOW HITPOINT WARNING * * *
You bump into the rock wall.
Maggie closely misses you.
You're too confused to move!
You hear the quick creaking of a very distant portcullis.
Maggie zaps a wand.
Your will is overpowered!
You are more confused.
You closely miss Maggie. Maggie hits you but does no damage.
Maggie zaps a wand.
You resist with some effort.
Maggie zaps a wand.
Your will is overpowered!
You are more confused.
There is a stone staircase leading down here.
Maggie gestures wildly while chanting.
Maggie draws you further into her thrall.
Maggie attacks as you move away!
Maggie hits you with a +1 scimitar of pain.
* * * LOW HITPOINT WARNING * * *
You writhe in agony.
* * * LOW HITPOINT WARNING * * *
Maggie zaps a wand.
Your will is overpowered!
You are more confused.
The now-empty wand crumbles to dust.
Maggie barely misses you.
There is a stone staircase leading down here.
Maggie mumbles some strange words.
Maggie draws you further into her thrall.
Maggie attacks as you move away!
Maggie hits you with a +1 scimitar of pain.
* * * LOW HITPOINT WARNING * * *
Maggie hits you with a +1 scimitar of pain.
* * * LOW HITPOINT WARNING * * *
Maggie attacks as you move away! Maggie barely misses you.
Maggie casts a spell at you. The bolt of fire hits you!!
You die...

## . .## . ..# ###. ..#
#..####..###
#...##.....## ##
##..@.......# ##.#
##.....@....###
###...##...††>........
##......#..............
...........#.#.........
##.......##.###........
≈≈≈≈....###.#..........
≈≈≈≈≈≈≈.##..#..........
≈≈≈≈≈≈≈≈.............#.


You could see Maggie (mesmerising).

Vanquished Creatures
  2 water moccasins
  Duvessa (D:7)
  An ice beast (D:5)
  A black bear (D:7)
  An ogre (D:6)
  A centaur (D:6)
  A kobold brigand (D:7)
  A gnoll sergeant (D:7)
  A necrophage (D:4)
  3 scorpions
  3 wights (D:6)
  Dowan (D:7)
  4 hounds
  3 orc priests
  5 iguanas
  Terence (D:2)
  3 orc wizards
  Robin (D:3)
  3 gnolls (D:7)
  2 adders (D:3)
  A shadow imp (D:5)
  4 dart slugs
  26 orcs
  6 bats
  8 endoplasms
  3 giant cockroaches
  17 goblins
  5 hobgoblins
  2 jackals (D:1)
  3 quokkas
  4 ball pythons
  4 frilled lizards
  15 kobolds
  5 rats
142 creatures vanquished.

Vanquished Creatures (others)
  A plant (D:1)
1 creature vanquished.

Grand Total: 143 creatures vanquished

Notes
Turn   | Place    | Note
-------+----------+-------------------------------------------
     0 | D:1      | QueenGhuleh the Minotaur Berserker began the quest for the
                  | Orb.
     0 | D:1      | Reached XP level 1. HP: 19/19 MP: 0/0
   181 | D:1      | Reached XP level 2. HP: 16/27 MP: 1/1
   322 | D:1      | Reached skill level 4 in Axes
  1113 | D:1      | Reached XP level 3. HP: 33/33 MP: 2/2
  1122 | D:1      | Reached ** piety under Trog
  1589 | D:2      | Noticed Terence
  1596 | D:2      | Killed Terence
  1597 | D:2      | Reached XP level 4. HP: 28/41 MP: 3/3
  1723 | D:2      | Found a faded altar of an unknown god.
  1986 | D:2      | Found an ancient bone altar of Kikubaaqudgha.
  2603 | D:3      | Reached skill level 5 in Axes
  3006 | D:3      | Found a glowing drain.
  3019 | D:3      | Reached XP level 5. HP: 33/47 MP: 4/4
  3186 | D:3      | Noticed Robin
  3199 | D:3      | Killed Robin
  3286 | D:3      | Found a sparkling altar of Nemelex Xobeh.
  3286 | D:3      | Found a broken altar of Ashenzari.
  3287 | D:3      | Found a shadowy altar of Dithmenos.
  3493 | D:4      | Reached *** piety under Trog
  3777 | D:4      | Reached skill level 5 in Fighting
  3777 | D:4      | Reached skill level 6 in Axes
  3807 | D:4      | Reached XP level 6. HP: 56/56 MP: 5/5
  3808 | D:4      | You fall into a shaft and drop 1 floor!
  3808 | D:5      | Entered Level 5 of the Dungeon
  3915 | D:5      | Noticed an ice beast
  3927 | D:5      | Killed an ice beast
  3928 | D:5      | Reached skill level 1 in Stealth
  3976 | D:5      | Found Qusioh's Distillery.
  3993 | D:5      | Noticed a water moccasin
  4009 | D:5      | Killed a water moccasin
  4010 | D:5      | Reached skill level 7 in Axes
  4010 | D:5      | Reached XP level 7. HP: 43/63 MP: 6/6
  4275 | D:5      | Found a stormy altar of Qazlal.
  4845 | D:6      | Identified the +6 spear of the Whelk {antimagic, rC+}
  4911 | D:6      | Reached skill level 8 in Axes
  5237 | D:6      | Reached skill level 5 in Armour
  5237 | D:6      | Reached XP level 8. HP: 69/71 MP: 7/7
  5935 | D:6      | Identified the +5 chain mail of Pupnoga {Will+ Str+3}
  6001 | D:7      | Noticed Dowan
  6002 | D:7      | Noticed Duvessa
  6010 | D:7      | Killed Duvessa
  6011 | D:7      | Reached skill level 1 in Maces & Flails
  6011 | D:7      | Killed Dowan
  6423 | D:7      | Noticed Maggie
  6459 | D:7      | Killed from afar by Maggie

Illustrated notes

Levels and vault maps discovered:
D:1:      dpeg_arrival_simpleton_b, layout_basic, minmay_misc_feat_pillars,
          lexackson_kobold_supper
D:2:      layout_basic, basic_ecumenical_altar, basic_altar, uniq_terence
D:3:      layout_loops_ring, nicolae_overflow_hidden_temple,
          gup_sewer_entry_glass, uniq_robin
D:4:      minmay_wonky_spiral, layout_basic, serial_shops, kennysheep_mini
D:5:      layout_rooms, nicolae_qazlal_scattered_showers, serial_shops,
          kennysheep_little_box, kennysheep_crisscross
D:6:      layout_cave_pools, kennysheep_decorative_pillar, small_statue_alley_b
D:7:      layout_cave_pools, jmf_multi_god_temple, minmay_temple_entry_fiery,
          enter_bailey_4, centaur_isle, uniq_duvessa, uniq_maggie

Skill      XL: |  1  2  3  4  5  6  7  8 |
---------------+-------------------------+-----
Axes           | 4 5 6 7 8 |  8.9
Fighting       | 4 5 6 7 |  7.3
Dodging        | 3 4 |  4.1
Stealth        | 1 |  1.2
Armour         | 5 7 |  7.3
Maces & Flails | 3 |  3.8

Action                   |  1- 3 |  4- 6 |  7- 9 || total
-------------------------+-------+-------+-------++-------
Melee: Hand axe          |    65 |   142 |   100 ||   307
       Headbutt          |    11 |    27 |    23 ||    61
       Punch             |     2 |       |     1 ||     3
       Dire flail        |       |       |    48 ||    48
Invok: Berserk           |       |     2 |     2 ||     4
       Trog's Hand       |       |       |     1 ||     1
Armor: Animal skin       |     8 |    10 |       ||    18
       Plate armour      |       |    31 |   107 ||   138
Dodge: Dodged            |    40 |    66 |    77 ||   183
